 Dungeon Crawl Stone Soup version 0.20.0-8-g6b59dc7 (webtiles) character file.

105630 inmateoo the Executioner (level 16, -2/150 HPs)
             Began as a Hill Orc Gladiator on May 31, 2017.
             Was the Champion of Beogh.
             Slain by Polyphemus (25 damage)
             ... on level 2 of the Shoals.
             The game lasted 00:55:20 (29373 turns).

inmateoo the Executioner (Hill Orc Gladiator)      Turns: 29373, Time: 00:55:21

Health: -2/150     AC: 31    Str: 23    XL:     16   Next: 41%
Magic:  0/6        EV: 11    Int: 12    God:    Beogh [******]
Gold:   1451       SH: 11    Dex: 13    Spells: 2/18 levels left

rFire    + + .     SeeInvis +   N - +3 broad axe "Newtbane" {antimagic, +Inv}
rCold    + + .     Gourm    +   h - +0 shield {rF+}
rNeg     + + .     Faith    .   J - +7 chain mail of Space {rElec rN+ Int+4}
rPois    .         Spirit   +   X - +2 helmet {SInv}
rElec    +         Reflect  .   V - scarf {Spirit}
rCorr    .         Harm     .   p - +1 pair of gloves
MR       +....     Clarity  +   b - +2 pair of boots
Stlth    ..........             c - amulet of the gourmand
Regen    0.4/turn               q - ring of protection from fire
MPRegen  0.1/turn               M - ring of the Mackerel {rC++ rN+ AC+2}

@: very slightly contaminated
A: walk on water, claws 1, see invisible, clarity, wild magic 2
a: Smiting, Recall Orcish Followers, Give Item to Named Follower, Resurrection,
Renounce Religion, Evoke Invisibility


You were on level 2 of the Shoals.
You worshipped Beogh.
Beogh was exalted by your worship.
You were not hungry.

You visited 4 branches of the dungeon, and saw 25 of its levels.
You also visited: Labyrinth.

You collected 2426 gold pieces.
You spent 975 gold pieces at shops.

Inventory:

Hand Weapons
 s - a +3 scimitar of flaming
 N - the +3 broad axe "Newtbane" (weapon) {antimagic, +Inv}
   (You acquired it on level 15 of the Dungeon)

   It reduces the magical energy of the wielder, and disrupts the spells and
   magical abilities of those hit.
   Natural abilities and divine invocations are not affected.
   It lets you turn invisible.
 T - a +3 glaive of protection
 Z - a +3 halberd of chopping
Missiles
 d - 3 throwing nets (quivered)
Armour
 b - a +2 pair of boots (worn)
 h - a +0 shield of fire resistance (worn)
 p - a +1 pair of gloves (worn)
 J - the +7 chain mail of Space (worn) {rElec rN+ Int+4}
   (You found it in a labyrinth)

   It affects your intelligence (+4).
   It insulates you from electricity.
   It protects you from negative energy.
 V - a scarf of spirit shield (worn)
 X - a +2 helmet of see invisible (worn)
Jewellery
 c - an amulet of the gourmand (around neck)
 q - a ring of protection from fire (left hand)
 M - the ring of the Mackerel (right hand) {rC++ rN+ AC+2}
   (You found it in a labyrinth)

   [ring of protection]

   It affects your AC (+2).
   It greatly protects you from cold.
   It protects you from negative energy.
Wands
 a - a wand of lightning (12/15)
 k - a wand of polymorph (1/24)
 r - a wand of clouds (4/9)
 v - a wand of lightning (5/15)
 R - a wand of digging (12/24)
 S - a wand of lightning (10/15)
Scrolls
 g - 2 scrolls of magic mapping
 i - a scroll of fear
 l - 3 scrolls of fog
 n - 12 scrolls of remove curse
 y - 4 scrolls of amnesia
 A - 4 scrolls of teleportation
 B - a scroll of blinking
 G - 5 scrolls of enchant weapon
 I - a scroll of recharging
 P - 6 scrolls of identify
 Y - 2 scrolls of holy word
Potions
 e - 6 potions of haste
 j - 8 potions of curing
 m - 4 potions of agility
 o - a potion of might
 t - a potion of magic
 u - 5 potions of brilliance
 z - 2 potions of resistance
 D - 3 potions of flight
 K - a potion of invisibility
 L - 2 potions of cancellation
 Q - 2 potions of berserk rage
 U - 3 potions of mutation
 W - 5 potions of lignification
Books
 H - a book of Burglary

   Spells                             Type                      Level
   a - Swiftness                      Charms/Air                   2
   b - Passwall                       Transmutation/Earth          2
   c - Passage of Golubria            Translocation                4
   d - Lee's Rapid Deconstruction     Earth                        5
   e - Darkness                       Hexes                        6
   f - Invisibility                   Hexes                        6
Miscellaneous
 F - 2 sacks of spiders
Comestibles
 f - 13 bread rations
 E - 12 meat rations


   Skills:
 + Level 15.6 Fighting
 + Level 8.5 Long Blades
 * Level 21.4 Axes
 - Level 1.7 Throwing
 + Level 13.2 Armour
 + Level 8.6 Dodging
 + Level 6.6 Shields
 + Level 1.5 Spellcasting


You had 2 spell levels left.
You knew the following spells:

 Your Spells              Type           Power        Failure   Level  Hunger
a - Deflect Missiles      Chrm/Air       #.........   100%        6    #######
b - Swiftness             Chrm/Air       #.......     100%        2    ###....
c - Dispel Undead         Necr           #.......     100%        5    ######.
d - Regeneration          Chrm/Necr      #.........   100%        3    ####...


Dungeon Overview and Level Annotations

Branches:
Dungeon (15/15)            Temple (0/1) D:4            Lair (6/6) D:8
 Shoals (2/4) Lair:2        Snake (0/4) Lair:4        Slime (0/5) Lair:5
    Orc (2/2) D:10            Elf (0/3) Orc:2        Vaults (0/5) D:13
 Depths (0/5) D:15

Altars:
Ashenzari
Fedhas
Hepliaklqana
Makhleb
Sif Muna
Zin
The Shining One
Beogh
Jiyva

Shops:
D:6 ?   D:10 %   D:15 ?[   Orc:1 [   Orc:2 *:([

Portals:
Trove: D:15 (give +3 ice dragon scales)

Annotations:
Lair:5 1 runed door
Shoals:2 Polyphemus


Innate Abilities, Weirdness & Mutations

You can walk on water.
You have sharp fingernails.
You have supernaturally acute eyesight. (SInv)
You possess an exceptional clarity of mind.
Your spells are harder to cast, but more powerful.


Message History

Polyphemus is heavily wounded.
Polyphemus hits you!!
* * * LOW HITPOINT WARNING * * *
You block Polyphemus's attack.
Unknown command.
You slice Polyphemus!!
Polyphemus is severely wounded.
Polyphemus hits you.
* * * LOW HITPOINT WARNING * * *
You block Polyphemus's attack.
Unknown command.
Unknown command.
You slice Polyphemus!!
Polyphemus is almost dead.
Unknown command.
Unknown command.
You hit Polyphemus but do no damage.
Polyphemus is almost dead.
Polyphemus hits you!!
You die...

≈≈≈≈........)PPP###....≈≈≈≈≈
≈≈≈≈≈.###...P≈PP..≈≈≈≈.≈≈≈≈.
≈.P≈≈P ##.≈≈..P≈≈≈≈..≈≈≈≈..
..P≈≈.####.≈.##...≈≈..≈≈≈≈..
P≈≈≈P≈≈..≈≈.####.....≈≈≈≈≈..
≈P≈≈.≈≈≈≈≈≈.## ##...<≈≈≈≈≈..
≈P≈≈≈.≈≈P≈≈≈.###..≈.≈≈≈≈≈≈≈≈
≈≈P≈P.≈≈≈≈≈≈(.#.≈≈≈≈≈≈≈≈≈≈≈≈
≈≈≈≈≈.≈≈≈≈≈@≈...≈≈≈≈≈≈≈≈≈≈≈≈
≈≈≈≈≈≈≈≈P≈≈C≈≈≈≈≈≈≈≈≈≈≈≈≈≈≈.
≈....≈≈≈≈≈≈≈≈≈≈≈≈≈≈≈≈...≈≈≈.
≈≈..#####..≈≈≈≈≈≈≈≈≈ ....≈
≈≈.. ###.≈≈≈≈≈≈≈≈ ..... ≈≈P
#.≈≈≈≈≈≈≈≈ # #.≈≈≈≈≈≈≈≈
##.≈≈≈≈≈≈≈ ≈ ###.≈≈≈≈≈≈≈≈


You could see Polyphemus.

Vanquished Creatures
  Kirke (Lair:6)
  An orc warlord (D:14)
  A merfolk impaler (Shoals:1)
  A minotaur (Lab)
  A yaktaur captain (D:13)
  A merfolk avatar (Shoals:2)
  A merfolk aquamancer (Shoals:1)
  A centaur warrior (D:15)
  A catoblepas (Shoals:2)
  14 two-headed ogres
  An ogre mage (D:15)
  5 death yaks
  Urug (D:14)
  2 tengu warriors (D:14)
  4 unseen horrors
  2 sea snakes (Shoals:1)
  2 wizards
  An orange crystal statue (D:15)
  2 lindwurms (Lair:6)
  2 orc knights
  11 ugly things
  5 deep elf magi
  3 orc sorcerers
  An oklob plant (Lair:2)
  5 cyclopes
  4 manticores
  4 merfolk sirens (Shoals:1)
  An elephant (Lair:5)
  A guardian serpent (shapeshifter) (D:13)
  4 black mambas
  A gargoyle (D:13)
  2 centaur skeletons
  3 komodo dragons
  12 spiny frogs
  2 trolls
  5 merfolk
  3 meliai (D:14)
  2 tyrant leeches (Lair:6)
  2 wind drakes (Shoals:1)
  15 blink frogs
  A meliai zombie (D:13)
  A hornet (D:13)
  5 dream sheep (Lair:6)
  12 hippogriffs
  6 snapping turtles
  3 shadows
  A vampire (D:14)
  A wraith (D:13)
  2 wyverns
  4 water elementals (Shoals:1)
  35 yaks
  A fire bat (D:7)
  A basilisk (D:8)
  5 hogs
  3 fire elementals (D:13)
  6 hungry ghosts
  A human (D:8)
  A vampire mosquito (Lair:6)
  An acid dragon (D:12)
  3 hell hounds (D:13)
  The ghost of Monsterracer the Conjurer, an amateur DECj (D:4)
  4 wargs
  8 water moccasins
  9 porcupines
  6 ice beasts
  3 sky beasts
  16 orc warriors
  3 black bears
  2 necrophages
  17 ogres
  2 eyes of draining
  4 phantoms
  7 wolves
  8 centaurs
  8 crocodiles
  18 bullfrogs
  An earth elemental (Lab)
  A wyvern skeleton (D:10)
  5 scorpions
  A howler monkey (D:12)
  9 wights (D:6)
  3 crimson imps
  3 centaur zombies
  5 hounds
  5 jellies
  10 orc priests
  A bullfrog skeleton (D:12)
  Jessica (D:3)
  4 iguanas
  13 orc wizards
  11 worker ants
  A hound zombie (D:5)
  2 hound skeletons
  3 howler monkey zombies
  2 worker ant zombies
  17 adders
  A gnoll (D:1)
  A howler monkey skeleton (D:4)
  4 shadow imps
  An adder zombie (D:8)
  An adder skeleton (D:6)
  2 worms (D:4)
  3 dart slugs
  5 leopard geckos
  37 orcs
  8 giant cockroaches
  7 goblins
  7 hobgoblins
  5 jackals
  7 quokkas
  2 ball pythons
  4 bats
  3 frilled lizards
  11 kobolds
  2 leopard gecko zombies
  A quokka skeleton (D:9)
  4 rats
  A bush (Lair:6)
  2 fungi (Lair:6)
  7 plants
564 creatures vanquished.

Vanquished Creatures (collateral kills)
  Saint Roka (Orc:2)
  Rupert (Orc:2)
  Gastronok (Lair:3)
  Agnes (D:15)
  The ghost of Dominolapin the Executioner, an adept BaIE of Hepliaklqana (D:15)
  2 orc warlords (Orc:2)
  Azrael (D:13)
  3 hydras (Lair:6)
  4 centaur warriors
  An ogre mage (D:15)
  3 orc knights
  6 two-headed ogres
  2 orc high priests
  3 deep elf magi
  An orc sorcerer (D:14)
  5 ugly things
  2 cyclopes (D:12)
  3 elephants (Lair:5)
  A black mamba (Lair:1)
  A centaur skeleton (D:12)
  A torpor snail (Orc:2)
  8 spiny frogs
  A kobold demonologist (D:15)
  A rime drake (Lair:6)
  6 komodo dragons
  A troll (D:15)
  2 tyrant leeches (Lair:6)
  8 blink frogs
  2 hippogriffs
  A dream sheep (Lair:6)
  15 yaks
  3 water elementals
  2 shadows
  A wraith (D:13)
  A wyvern (D:14)
  A hungry ghost (D:14)
  A hog (D:8)
  5 vampire mosquitoes (Lair:6)
  A warg (Orc:1)
  5 water moccasins
  A porcupine (Lair:3)
  A hell hound (D:13)
  A sky beast (D:14)
  A black bear (D:9)
  7 orc warriors
  4 centaurs (D:14)
  2 phantoms
  8 ogres
  2 wolves
  2 crocodiles
  8 bullfrogs
  2 electric eels
  6 orc wizards
  5 orc priests
  An iguana (D:12)
  An adder (Lair:4)
  A shadow imp (D:8)
  19 orcs
  2 kobolds (D:15)
  A bush (Lair:6)
  5 fungi (Lair:6)
  10 plants
199 creatures vanquished.

Vanquished Creatures (others)
  2 orc high priests
  An ogre mage (D:13)
  4 orc knights
  An orc sorcerer (D:15)
  3 humans (Lair:6)
  14 orc warriors
  A bullfrog (D:5)
  12 orc priests
  A wyvern skeleton (D:13)
  An orc wizard (D:14)
  54 orcs
  3 bushes (D:8)
  20 fungi
  46 plants
163 creatures vanquished.

Grand Total: 926 creatures vanquished

Notes
Turn   | Place    | Note
-------+----------+-------------------------------------------
     0 | D:1      | inmateoo the Hill Orc Gladiator began the quest for the Orb.
     0 | D:1      | Reached XP level 1. HP: 18/18 MP: 1/1
    96 | D:1      | Reached XP level 2. HP: 4/25 MP: 2/2
    97 | D:1      | HP: 1/25 [gnoll (3)]
   297 | D:1      | Reached skill level 5 in Axes
   695 | D:1      | Reached XP level 3. HP: 29/30 MP: 3/3
  1234 | D:2      | Found a glowing silver altar of Zin.
  1237 | D:2      | Found a shattered altar of Ashenzari.
  1240 | D:2      | Found a blossoming altar of Fedhas.
  1273 | D:2      | Reached skill level 6 in Axes
  1404 | D:2      | Reached XP level 4. HP: 30/37 MP: 4/4
  2017 | D:3      | Found a burning altar of Makhleb.
  2017 | D:3      | Found a deep blue altar of Sif Muna.
  2332 | D:3      | Noticed Jessica
  2338 | D:3      | Killed Jessica
  2486 | D:3      | Reached XP level 5. HP: 45/45 MP: 5/5
  2537 | D:3      | Reached skill level 7 in Axes
  2882 | D:4      | Noticed Monsterracer's ghost (amateur DECj)
  3130 | D:4      | Reached XP level 6. HP: 19/52 MP: 6/6
  3217 | D:4      | Noticed a phantom
  3494 | D:4      | Noticed an orc warrior
  3534 | D:4      | Killed an orc warrior
  3534 | D:4      | Reached skill level 5 in Fighting
  3534 | D:4      | Reached skill level 8 in Axes
  3700 | D:5      | Entered Level 5 of the Dungeon
  3932 | D:5      | Noticed a sky beast
  3972 | D:5      | Killed a sky beast
  3972 | D:5      | Reached XP level 7. HP: 62/62 MP: 7/7
  4030 | D:5      | Gained mutation: Your spells are a little harder to cast, but a little more powerful. [mutagenic meat]
  4031 | D:5      | Gained mutation: Your spells are harder to cast, but more powerful. [mutagenic meat]
  4032 | D:5      | Gained mutation: You have supernaturally acute eyesight. (SInv) [mutagenic meat]
  4034 | D:5      | Gained mutation: You possess an exceptional clarity of mind. [mutagenic meat]
  4035 | D:5      | Gained mutation: You have sharp fingernails. [mutagenic meat]
  4126 | D:5      | Reached skill level 9 in Axes
  4245 | D:5      | Became a worshipper of Beogh the Brigand
  5008 | D:6      | Reached XP level 8. HP: 70/73 MP: 8/8
  5046 | D:6      | Reached skill level 1 in Armour
  5119 | D:6      | Found a glowing golden altar of the Shining One.
  5288 | D:6      | Reached * piety under Beogh
  5288 | D:6      | Reached skill level 10 in Axes
  5793 | D:6      | Found Dudeon's Magic Scroll Shoppe.
  5801 | D:6      | Bought a scroll of remove curse for 39 gold pieces
  5806 | D:6      | Bought a scroll of magic mapping for 45 gold pieces
  5806 | D:6      | Bought a scroll of blinking for 97 gold pieces
  5806 | D:6      | Bought a scroll of identify for 26 gold pieces
  5806 | D:6      | Bought a scroll of teleportation for 39 gold pieces
  6014 | D:7      | Reached XP level 9. HP: 58/82 MP: 9/9
  6056 | D:7      | Reached skill level 11 in Axes
  6180 | D:7      | Reached ** piety under Beogh
  6346 | D:7      | Reached skill level 5 in Armour
  7004 | D:4      | Found a staircase to the Ecumenical Temple.
  7099 | D:4      | Killed Monsterracer's ghost
  7657 | D:8      | Reached skill level 12 in Axes
  7842 | D:8      | Found a hazy altar of Hepliaklqana.
  7854 | D:8      | Noticed a two-headed ogre
  7868 | D:8      | Killed a two-headed ogre
  7868 | D:8      | Reached skill level 10 in Fighting
  7868 | D:8      | Reached skill level 13 in Axes
  7868 | D:8      | Reached XP level 10. HP: 66/93 MP: 10/10
  7982 | D:8      | Reached *** piety under Beogh
  8123 | D:8      | Got a pitted hand axe
  8124 | D:8      | Identified the +5 hand axe "Rimutowim" {drain, Int+4 Stlth+} (You found it on level 8 of the Dungeon)
  8146 | D:8      | Found a staircase to the Lair.
  8173 | D:8      | Reached skill level 14 in Axes
  8594 | D:8      | Reached XP level 11. HP: 99/102 MP: 11/11
  8841 | D:9      | Reached skill level 15 in Axes
  8978 | D:9      | Reached **** piety under Beogh
  9118 | D:9      | Identified the Collected Works on Creative Good Luck
  9606 | D:10     | Entered Level 10 of the Dungeon
  9696 | D:10     | Noticed an unseen horror
  9697 | D:10     | Found Nyclocy's Food Emporium.
  9707 | D:10     | Killed an unseen horror
  9858 | D:10     | Found a staircase to the Orcish Mines.
 10198 | D:11     | Noticed a brown ugly thing
 10207 | D:11     | Killed a brown ugly thing
 10211 | D:11     | Noticed a red ugly thing
 10221 | D:11     | Killed a red ugly thing
 10221 | D:11     | Reached skill level 16 in Axes
 10286 | D:11     | Noticed a red ugly thing
 10295 | D:11     | Killed a red ugly thing
 10335 | D:11     | Noticed a cyclops
 10349 | D:11     | Killed a cyclops
 10349 | D:11     | Gained Worak as an ally
 10552 | D:11     | Noticed a cyan ugly thing
 10565 | D:11     | Killed a cyan ugly thing
 10565 | D:11     | Reached XP level 12. HP: 78/112 MP: 12/12
 10719 | D:12     | Reached ***** piety under Beogh
 10803 | D:12     | Gained Wargath as an ally
 11861 | D:13     | Noticed a two-headed ogre
 11864 | D:13     | Reached skill level 17 in Axes
 11874 | D:13     | Killed a two-headed ogre
 11876 | D:13     | Reached skill level 10 in Armour
 11932 | D:13     | Found a gate to the Vaults.
 11932 | D:13     | Noticed a two-headed ogre
 11939 | D:13     | Killed a two-headed ogre
 12229 | D:13     | Noticed Sonja
 12230 | D:13     | Noticed Sonja
 12230 | D:13     | Sonja changed into Sonja the eye of draining
 12238 | D:13     | Killed Sonja the eye of draining
 12359 | D:13     | Found a runed door.
 12434 | D:13     | Noticed Azrael
 13374 | D:13     | Noticed an ogre mage
 13392 | D:13     | Killed an ogre mage
 13404 | D:13     | Reached skill level 5 in Dodging
 13593 | D:13     | Noticed a yaktaur captain
 13609 | D:13     | Killed a yaktaur captain
 13609 | D:13     | Reached skill level 18 in Axes
 13609 | D:13     | Reached XP level 13. HP: 47/122 MP: 13/13
 13628 | D:13     | Learned a level 6 spell: Deflect Missiles
 13631 | D:13     | Learned a level 2 spell: Swiftness
 13969 | D:13     | Killed Azrael
 14176 | D:14     | Reached skill level 1 in Long Blades
 14492 | D:14     | Noticed Urug
 14513 | D:14     | Killed Urug
 14522 | D:14     | Noticed an orc warlord
 14548 | D:14     | Killed an orc warlord
 15091 | D:14     | Found a roughly hewn altar of Beogh.
 16258 | D:15     | Entered Level 15 of the Dungeon
 16467 | D:15     | Found a portal to a secret trove of treasure.
 16517 | D:15     | Found Johoggybia's Magic Scroll Boutique.
 16538 | D:15     | Bought a scroll of identify for 34 gold pieces
 16538 | D:15     | Bought a scroll of identify for 34 gold pieces
 16538 | D:15     | Bought a scroll of identify for 34 gold pieces
 16538 | D:15     | Identified a scroll of acquirement
 16539 | D:15     | Got an iridescent broad axe
 16540 | D:15     | Identified the +3 broad axe "Newtbane" {antimagic, +Inv} (You acquired it on level 15 of the Dungeon)
 16550 | D:15     | Noticed Agnes
 16561 | D:15     | Killed Agnes
 16566 | D:15     | Reached ****** piety under Beogh
 16598 | D:15     | Reached skill level 19 in Axes
 16600 | D:15     | Found Josim's Armour Emporium.
 16601 | D:15     | Noticed Dominolapin's ghost (adept BaIE)
 16615 | D:15     | Killed Dominolapin's ghost
 16640 | D:14     | Gained Jorge as an ally
 17200 | D:15     | Your ally Worak died
 17206 | D:15     | Reached XP level 14. HP: 132/132 MP: 0/14
 17259 | D:15     | Bought a +0 helmet of see invisible for 138 gold pieces
 17837 | D:15     | Reached skill level 1 in Shields
 17843 | D:15     | Reached skill level 5 in Long Blades
 17865 | D:15     | Found a staircase to the Depths.
 17878 | D:15     | Gained Ugbert as an ally
 18608 | Lair:1   | Entered Level 1 of the Lair of Beasts
 18826 | Lair:1   | Gained Gorg as an ally
 19860 | Lair:2   | Learned a level 5 spell: Dispel Undead
 19965 | Lair:2   | Found a staircase to the Shoals.
 20491 | Lair:3   | Found a labyrinth entrance.
 20497 | Lab      | Entered a labyrinth
 21697 | Lab      | Reached skill level 20 in Axes
 21700 | Lab      | Got a slimy lapis lazuli ring
 21710 | Lab      | Identified the ring of the Mackerel {rC++ rN+ AC+2} (You found it in a labyrinth)
 21721 | Lab      | Got a pitted chain mail
 21733 | Lab      | Identified the +7 chain mail of Space {rElec rN+ Int+4} (You found it in a labyrinth)
 21962 | Lair:3   | Noticed Gastronok
 21976 | Lair:3   | Killed Gastronok
 22759 | Lair:4   | Found a staircase to the Snake Pit.
 22774 | Lair:4   | Reached XP level 15. HP: 132/139 MP: 5/15
 23279 | Lair:5   | Found a runed door.
 23279 | Lair:5   | Found a viscous altar of Jiyva.
 23279 | Lair:5   | Found a staircase to the Slime Pits.
 23279 | Lair:5   | Noticed an acid blob
 23638 | Lair:5   | Gained Gorbash as an ally
 23899 | Lair:6   | Entered Level 6 of the Lair of Beasts
 23920 | Lair:6   | Your ally Gorg died
 23950 | Lair:6   | Noticed Kirke
 23963 | Lair:6   | Killed Kirke
 24067 | Lair:6   | Reached skill level 5 in Shields
 24286 | Lair:6   | Reached skill level 15 in Fighting
 24387 | Lair:6   | Gained Berold as an ally
 25047 | Lair:6   | Gained Marbaugh as an ally
 25339 | Orc:1    | Entered Level 1 of the Orcish Mines
 25633 | Orc:2    | Entered Level 2 of the Orcish Mines
 25830 | Orc:2    | Noticed Rupert
 25834 | Orc:2    | Paralysed by Rupert for 3 turns
 25848 | Orc:2    | Killed Rupert
 26012 | Orc:2    | Noticed Saint Roka
 26029 | Orc:2    | Killed Saint Roka
 26313 | Orc:2    | Noticed an orc warlord
 26323 | Orc:2    | Killed an orc warlord
 26324 | Orc:2    | Found a roughly hewn altar of Beogh.
 26377 | Orc:2    | Found Vuamet's Book Emporium.
 26436 | Orc:2    | Found Sutet's Assorted Antiques.
 26456 | Orc:2    | Bought a scroll of identify for 62 gold pieces
 26456 | Orc:2    | Bought a scroll of identify for 62 gold pieces
 26456 | Orc:2    | Bought a potion of curing for 93 gold pieces
 26485 | Orc:2    | Reached skill level 21 in Axes
 26545 | Orc:2    | Noticed an orc warlord
 26558 | Orc:2    | Killed an orc warlord
 26558 | Orc:2    | Reached XP level 16. HP: 86/149 MP: 5/16
 26660 | Orc:2    | Gained Jorge as an ally
 26737 | Orc:2    | Found a staircase to the Elven Halls.
 26877 | Orc:2    | Noticed Nessos
 26884 | Orc:2    | Noticed Nessos
 26884 | Orc:2    | Nessos changed into Nessos the torpor snail
 26888 | Orc:2    | Killed Nessos the torpor snail
 27035 | Orc:2    | Found a roughly hewn altar of Beogh.
 27142 | Orc:2    | Found Nudwog's Weapon Boutique.
 27152 | Orc:2    | Found Jizaiquri's Antique Armour Shop.
 27165 | Orc:2    | Bought an embroidered scarf for 272 gold pieces
 27368 | Orc:1    | Found Duufifac's Antique Armour Shop.
 27694 | Shoals:1 | Entered Level 1 of the Shoals
 28581 | Shoals:1 | Reached skill level 1 in Spellcasting
 29286 | Shoals:2 | Learned a level 3 spell: Regeneration
 29327 | Shoals:2 | Noticed Polyphemus
 29348 | Shoals:2 | HP: 4/150 [Polyphemus (5)]
 29373 | Shoals:2 | Slain by Polyphemus

Skill      XL: |  1  2  3  4  5  6  7  8  9 10 11 12 13 14 15 16 |
---------------+-------------------------------------------------+-----
Axes           | 5 6 7 8 9 10 13 14 16 18 19 20 21 | 21.4
Fighting       | 3 4 5 7 8 10 11 12 13 14 15 | 15.6
Armour         | 4 6 7 9 10 11 12 13 | 13.2
Dodging        | 3 5 6 7 8 |  8.6
Long Blades    | 4 6 8 |  8.5
Shields        | 4 5 6 |  6.6
Spellcasting   | 1 |  1.5
Throwing       | |  1.7

Action                   |  1- 3 |  4- 6 |  7- 9 | 10-12 | 13-15 | 16-18 || total
-------------------------+-------+-------+-------+-------+-------+-------++-------
Melee: War axe           |   100 |   280 |   493 |    44 |       |       ||   917
       Hand axe          |       |       |       |   631 |   271 |       ||   902
       Broad axe         |       |       |       |       |   749 |   295 ||  1044
Throw: Throwing net      |     7 |       |       |       |       |       ||     7
Invok: Convert to Beogh  |       |       |     1 |       |       |       ||     1
       Recall Orcish Fol |       |       |       |     1 |     5 |       ||     6
       Give Item to Name |       |       |       |       |     1 |       ||     1
Evoke: Wand              |       |     2 |     6 |     1 |     2 |     1 ||    12
       Sack of spiders   |       |       |       |       |       |     3 ||     3
  Use: Scroll            |       |     8 |     6 |     1 |    20 |     5 ||    40
       Potion            |       |     2 |     2 |       |     2 |     5 ||    11
 Stab: Held in net/web   |     1 |       |       |       |       |       ||     1
       Confused          |       |     1 |       |       |       |       ||     1
       Distracted        |       |       |       |     3 |    12 |     4 ||    19
       Paralysed         |       |       |       |       |     1 |       ||     1
  Eat: Chunk             |     2 |     5 |    20 |    15 |    11 |     1 ||    54
       Royal jelly       |       |     1 |       |       |     9 |     5 ||    15
       Fruit             |       |       |     2 |     1 |    18 |       ||    21
       Meat ration       |       |       |     1 |       |     1 |       ||     2
Armor: Leather armour    |     2 |       |       |       |       |       ||     2
       Chain mail        |    43 |   215 |   260 |   290 |   472 |   112 ||  1392
       Ring mail         |    18 |       |       |       |       |       ||    18
       Skin              |       |    15 |    22 |       |       |       ||    37
Dodge: Dodged            |    62 |   128 |   172 |   201 |   317 |    72 ||   952
Block: Buckler           |       |       |       |    18 |   104 |       ||   122
       Shield            |       |       |       |       |    94 |   107 ||   201
